TOP OF THE 1ST |
Oliver Ames HS Tigers batting - Pitching for H.H. Dow HS Chargers : LHP Scott Brown
|
Pitching: LHP Scott Brown
|
|
Batting: LHB Brandon Napoleon
|
0-0: Ball 1-0: Swinging Strike 1-1: Ball 2-1: Called Strike 2-2: Fly out, F8 (Flyball, 8LM)
|
Batting: RHB Kenny Miller
|
0-0: Called Strike 0-1: Ball 1-1: Swinging Strike 1-2: Ball 2-2: Ball 3-2: Base on Balls
|
Batting: LHB Kevin Carter
|
0-0: Swinging Strike 0-1: Ball 1-1: Swinging Strike 1-2: Ball 2-2: Ball 3-2: Base on Balls Kenny Miller to second
|
Batting: LHB William Moody
|
0-0: Called Strike 0-1: Swinging Strike 0-2: Ball 1-2: Fly out, F9 (Flyball, 9LD) Runner from 2nd tags up, SAFE at 3rd, no throw
|
Batting: RHB Will Hinkle
|
0-0: Called Strike 0-1: Ball 1-1: SINGLE (Flyball, 8RS) Kenny Miller scores Kevin Carter to second
|
Batting: RHB Will Hernández
|
0-0: Ball 1-0: Ball 2-0: Ball 3-0: Called Strike 3-1: Ground out 1-3 (Groundball, 13S)
|
Top of the 1st over - 1 run(s), 1 hit(s), 0 error(s), 2 left on base; Oliver Ames HS 1 - H.H. Dow HS 0 |
BOTTOM OF THE 1ST |
H.H. Dow HS Chargers batting - Pitching for Oliver Ames HS Tigers : RHP Vincent Hendrickson
|
Pitching: RHP Vincent Hendrickson
|
|
Batting: RHB Mario Ramírez
|
0-0: Ball 1-0: SINGLE (Groundball, 56D)
|
Batting: LHB Walt George
|
0-0: Ball 1-0: Swinging Strike 1-1: Ball 2-1: Ball 3-1: Swinging Strike 3-2: Strikes out swinging
|
Batting: RHB Melvin Matthews
|
0-0: Ball 1-0: Ball 2-0: Foul Ball, location: 2F 2-1: Ball 3-1: Base on Balls Mario Ramírez to second
|
Batting: RHB Lee Kestle
|
0-0: Ball 1-0: Ball 2-0: Swinging Strike 2-1: Ball 3-1: Fly out, F7 (Flyball, 7LSF)
|
Batting: SHB Bob Erwin
|
0-0: Called Strike 0-1: Fly out, F8 (Flyball, 8RS)
|
Bottom of the 1st over - 0 run(s), 1 hit(s), 0 error(s), 2 left on base; Oliver Ames HS 1 - H.H. Dow HS 0 |
TOP OF THE 2ND |
Oliver Ames HS Tigers batting - Pitching for H.H. Dow HS Chargers : LHP Scott Brown
|
Batting: RHB Marcos Llevanos
|
0-0: Called Strike 0-1: Reached on error, E4 (Groundball, 4)
|
Batting: LHB Manny Martínez
|
0-0: Called Strike 0-1: Foul Ball, location: 2F 0-2: Foul Ball, location: 2F 0-2: Ball 1-2: Grounds into double play, 4-6-3 (Groundball, 4)
|
Batting: RHB Pat Young
|
0-0: Ball 1-0: Called Strike 1-1: Ball 2-1: Foul Ball, location: 2F 2-2: Foul Ball, location: 2F 2-2: Ball 3-2: Strikes out looking
|
Top of the 2nd over - 0 run(s), 0 hit(s), 1 error(s), 0 left on base; Oliver Ames HS 1 - H.H. Dow HS 0 |
BOTTOM OF THE 2ND |
H.H. Dow HS Chargers batting - Pitching for Oliver Ames HS Tigers : RHP Vincent Hendrickson
|
Batting: RHB Roberto Ramírez
|
0-0: Called Strike 0-1: Called Strike 0-2: Ball 1-2: Ground out 4-3 (Groundball, 4D)
|
Batting: LHB Foster Clark
|
0-0: Ground out U3 (Groundball, 3S)
|
Batting: RHB John Hughes
|
0-0: SINGLE (Line Drive, 6D)
|
Batting: LHB Bob Coztana
|
0-0: Called Strike 0-1: Ball 1-1: Ball 2-1: Foul Ball, location: 2F 2-2: Foul Ball, location: 2F 2-2: Ball 3-2: Strikes out looking
|
Bottom of the 2nd over - 0 run(s), 1 hit(s), 0 error(s), 1 left on base; Oliver Ames HS 1 - H.H. Dow HS 0 |
TOP OF THE 3RD |
Oliver Ames HS Tigers batting - Pitching for H.H. Dow HS Chargers : LHP Scott Brown
|
Batting: LHB Brandon Napoleon
|
0-0: Foul Ball, location: 2F 0-1: Called Strike 0-2: Foul Ball, location: 2F 0-2: Ball 1-2: Foul Ball, location: 2F 1-2: Ground out U3 (Groundball, 3L)
|
Batting: RHB Kenny Miller
|
0-0: Swinging Strike 0-1: Ground out 5-3 (Groundball, 5)
|
Batting: LHB Kevin Carter
|
0-0: Ball 1-0: Ball 2-0: Foul Ball, location: 2F 2-1: Ball 3-1: TRIPLE (Flyball, 89XD)
|
Batting: LHB William Moody
|
0-0: Foul Ball, location: 2F 0-1: Fly out, F9 (Flyball, 9)
|
Top of the 3rd over - 0 run(s), 1 hit(s), 0 error(s), 1 left on base; Oliver Ames HS 1 - H.H. Dow HS 0 |
BOTTOM OF THE 3RD |
H.H. Dow HS Chargers batting - Pitching for Oliver Ames HS Tigers : RHP Vincent Hendrickson
|
Batting: RHB Mario Ramírez
|
0-0: Ground out 4-3 (Groundball, 4)
|
Batting: LHB Walt George
|
0-0: Ball 1-0: Foul Ball, location: 2F 1-1: Ball 2-1: Ball 3-1: SINGLE (Line Drive, 89S)
|
Batting: RHB Melvin Matthews
|
0-0: Ball 1-0: Ball 2-0: Foul Ball, location: 2F 2-1: Foul Ball, location: 2F 2-2: DOUBLE (Line Drive, 89M) Walt George to third
|
Batting: RHB Lee Kestle
|
0-0: Foul Ball, location: 2F 0-1: Swinging Strike 0-2: Foul Ball, location: 2F 0-2: Foul Ball, location: 2F 0-2: Strikes out swinging
|
Batting: SHB Bob Erwin
|
0-0: Called Strike 0-1: Reached on error, E4 (Groundball, 4) Walt George scores Melvin Matthews scores
|
Batting: RHB Roberto Ramírez
|
0-0: Called Strike 0-1: Ground out 6-3 (Groundball, 6)
|
Bottom of the 3rd over - 2 run(s), 2 hit(s), 1 error(s), 1 left on base; Oliver Ames HS 1 - H.H. Dow HS 2 |
TOP OF THE 4TH |
Oliver Ames HS Tigers batting - Pitching for H.H. Dow HS Chargers : LHP Scott Brown
|
Batting: RHB Will Hinkle
|
0-0: Foul Ball, location: 2F 0-1: Ground out 6-3 (Groundball, 6)
|
Batting: RHB Will Hernández
|
0-0: Ball 1-0: Ball 2-0: Ground out 5-3 (Groundball, 56)
|
Batting: RHB Marcos Llevanos
|
0-0: Ball 1-0: Swinging Strike 1-1: Ball 2-1: Ball 3-1: Foul Ball, location: 2F 3-2: Ground out 5-3 (Groundball, 5L)
|
Top of the 4th over - 0 run(s), 0 hit(s), 0 error(s), 0 left on base; Oliver Ames HS 1 - H.H. Dow HS 2 |
BOTTOM OF THE 4TH |
H.H. Dow HS Chargers batting - Pitching for Oliver Ames HS Tigers : RHP Vincent Hendrickson
|
Batting: LHB Foster Clark
|
0-0: Ball 1-0: Ball 2-0: Ball 3-0: Base on Balls
|
Batting: RHB John Hughes
|
0-0: Foul Ball, location: 2F 0-1: SINGLE (Flyball, 9S) Foster Clark to second
|
Batting: LHB Bob Coztana
|
0-0: Ball 1-0: Ball 2-0: Ball 3-0: Called Strike 3-1: Foul Ball, location: 2F 3-2: Foul Ball, location: 2F 3-2: SINGLE (Line Drive, 89S) Foster Clark to third John Hughes to second
|
Batting: RHB Mario Ramírez
|
0-0: Called Strike 0-1: Foul Ball, location: 2F 0-2: Foul Ball, location: 2F 0-2: Ball 1-2: SINGLE (Flyball, 56D) Foster Clark scores John Hughes to third Bob Coztana to second
|
Batting: LHB Walt George
|
0-0: Ball 1-0: Called Strike 1-1: Foul Ball, location: 2F 1-2: Fielders Choice at 2nd, 3-6 (Groundball, 34) John Hughes scores Bob Coztana to third
|
Batting: RHB Melvin Matthews
|
0-0: Called Strike 0-1: Foul Ball, location: 2F 0-2: DOUBLE (Line Drive, 9LD) Bob Coztana scores Walt George to third Runner from 3rd tries for Home, SAFE, no throw
|
Batting: RHB Lee Kestle
|
0-0: Called Strike 0-1: Ball 1-1: Ball 2-1: Foul Ball, location: 2F 2-2: Ball 3-2: Base on Balls
|
Pitching: LHP Dustin Scott
|
|
Batting: SHB Bob Erwin
|
0-0: SINGLE (Line Drive, 78M) Melvin Matthews to third Lee Kestle to second Runner from 3rd tries for Home, throw and OUT! Lee Kestle to third Bob Erwin to second
|
Batting: RHB Roberto Ramírez
|
0-0: Swinging Strike 0-1: Swinging Strike 0-2: Strikes out swinging
|
Bottom of the 4th over - 4 run(s), 5 hit(s), 0 error(s), 2 left on base; Oliver Ames HS 1 - H.H. Dow HS 6 |
TOP OF THE 5TH |
Oliver Ames HS Tigers batting - Pitching for H.H. Dow HS Chargers : LHP Scott Brown
|
Batting: LHB Manny Martínez
|
0-0: Fly out, F8 (Flyball, 8LM)
|
Batting: RHB Pat Young
|
0-0: Called Strike 0-1: Ball 1-1: Ball 2-1: Swinging Strike 2-2: Ball 3-2: Foul Ball, location: 2F 3-2: Base on Balls
|
Batting: LHB Brandon Napoleon
|
0-0: Called Strike 0-1: Called Strike 0-2: Ball 1-2: SINGLE (Groundball, 6S) (infield hit) Pat Young to second
|
Pitching: RHP James Smith
|
|
Batting: RHB Kenny Miller
|
0-0: Swinging Strike 0-1: Called Strike 0-2: Reached on error, E3 (Groundball, 34) Pat Young to third Brandon Napoleon to second
|
Batting: LHB Kevin Carter
|
0-0: Ball 1-0: Ball 2-0: Ball 3-0: Called Strike 3-1: SINGLE (Groundball, 34D) Pat Young scores Brandon Napoleon to third Kenny Miller to second Runner from 3rd tries for Home, SAFE, no throw
|
Batting: LHB William Moody
|
0-0: Foul Ball, location: 2F 0-1: Ball 1-1: Foul Ball, location: 2F 1-2: SINGLE (Line Drive, 89S) Kenny Miller to third Kevin Carter to second Runner from 3rd tries for Home, throw and OUT! Kevin Carter to third William Moody to second
|
Batting: RHB Will Hinkle
|
0-0: Called Strike 0-1: Foul Ball, location: 2F 0-2: Ball 1-2: Foul Ball, location: 2F 1-2: Ground out 4-3 (Groundball, 4S)
|
Top of the 5th over - 2 run(s), 3 hit(s), 1 error(s), 2 left on base; Oliver Ames HS 3 - H.H. Dow HS 6 |
BOTTOM OF THE 5TH |
H.H. Dow HS Chargers batting - Pitching for Oliver Ames HS Tigers : LHP Dustin Scott
|
Batting: LHB Foster Clark
|
0-0: Called Strike 0-1: Fly out, F9 (Flyball, 89M)
|
Batting: RHB John Hughes
|
0-0: Called Strike 0-1: Swinging Strike 0-2: Foul Ball, location: 2F 0-2: SINGLE (Line Drive, 78M)
|
Batting: LHB Bob Coztana
|
0-0: Fly out, F5 (Line Drive, 5S)
|
Batting: RHB Mario Ramírez
|
0-0: Called Strike 0-1: Foul Ball, location: 2F 0-2: SINGLE (Line Drive, 89S) John Hughes to second
|
Batting: LHB Walt George
|
0-0: Foul Ball, location: 2F 0-1: Called Strike 0-2: Ball 1-2: Foul Ball, location: 2F 1-2: Foul Ball, location: 2F 1-2: Ground out 4-3 (Groundball, 34)
|
Bottom of the 5th over - 0 run(s), 2 hit(s), 0 error(s), 2 left on base; Oliver Ames HS 3 - H.H. Dow HS 6 |
TOP OF THE 6TH |
Oliver Ames HS Tigers batting - Pitching for H.H. Dow HS Chargers : RHP James Smith
|
Batting: RHB Will Hernández
|
0-0: Ball 1-0: Foul Ball, location: 2F 1-1: Ball 2-1: Fly out, F9 (Flyball, 9LSF)
|
Batting: RHB Marcos Llevanos
|
0-0: Called Strike 0-1: Fly out, F8 (Line Drive, 8LS)
|
Batting: LHB Manny Martínez
|
0-0: Ball 1-0: Called Strike 1-1: Called Strike 1-2: Strikes out swinging
|
Top of the 6th over - 0 run(s), 0 hit(s), 0 error(s), 0 left on base; Oliver Ames HS 3 - H.H. Dow HS 6 |
BOTTOM OF THE 6TH |
H.H. Dow HS Chargers batting - Pitching for Oliver Ames HS Tigers : LHP Dustin Scott
|
Batting: RHB Melvin Matthews
|
0-0: Foul Ball, location: 2F 0-1: Ball 1-1: SINGLE (Flyball, 89S)
|
Batting: RHB Lee Kestle
|
0-0: Ball 1-0: Ball 2-0: Fly out, F9 (Flyball, 9S)
|
Batting: SHB Bob Erwin
|
0-0: Ball 1-0: Swinging Strike 1-1: Called Strike 1-2: Ball 2-2: Foul Ball, location: 2F 2-2: Foul Ball, location: 2F 2-2: Ball 3-2: Base on Balls Melvin Matthews to second
|
Batting: RHB Roberto Ramírez
|
0-0: Called Strike 0-1: Ball 1-1: SINGLE (Line Drive, 56D) Melvin Matthews to third Bob Erwin to second
|
Batting: LHB Foster Clark
|
0-0: Fly out, F9 (Flyball, 9LS)
|
Batting: RHB John Hughes
|
0-0: Ball 1-0: GRAND SLAM HOME RUN (Flyball, 7LD), Distance : 363 ft
|
Pitching: RHP Herman Watson
|
|
Batting: LHB Bob Coztana
|
0-0: Called Strike 0-1: Ball 1-1: Foul Ball, location: 2F 1-2: Foul Ball, location: 2F 1-2: Ball 2-2: Ball 3-2: Base on Balls
|
Batting: RHB Mario Ramírez
|
0-0: Ball 1-0: Ball 2-0: Ball 3-0: Called Strike 3-1: Called Strike 3-2: 2-RUN HOME RUN (Flyball, 7LD), Distance : 351 ft
|
Batting: LHB Walt George
|
0-0: Ball 1-0: Ball 2-0: Ball 3-0: Called Strike 3-1: Base on Balls
|
Batting: RHB Melvin Matthews
|
0-0: Called Strike 0-1: Foul Ball, location: 2F 0-2: Ball 1-2: Ball 2-2: Strikes out swinging
|
Bottom of the 6th over - 6 run(s), 4 hit(s), 0 error(s), 1 left on base; Oliver Ames HS 3 - H.H. Dow HS 12 |
TOP OF THE 7TH |
Oliver Ames HS Tigers batting - Pitching for H.H. Dow HS Chargers : RHP James Smith
|
Batting: RHB Pat Young
|
0-0: Swinging Strike 0-1: Ball 1-1: Swinging Strike 1-2: Foul Ball, location: 2F 1-2: Ball 2-2: Foul Ball, location: 2F 2-2: Foul Ball, location: 2F 2-2: SINGLE (Groundball, 6MD)
|
Batting: LHB Brandon Napoleon
|
0-0: Called Strike 0-1: Called Strike 0-2: Ball 1-2: Ball 2-2: Strikes out swinging
|
Batting: RHB Kenny Miller
|
0-0: Called Strike 0-1: Foul Ball, location: 2F 0-2: Ball 1-2: Ball 2-2: Ball 3-2: Fly out, F9 (Flyball, 9LMF)
|
Batting: LHB Kevin Carter
|
0-0: Ball 1-0: Foul Ball, location: 2F 1-1: Ball Wild Pitch! Pat Young to second 2-1: Foul Ball, location: 2F 2-2: Ball 3-2: SINGLE (Line Drive, 34D) Pat Young to third Pat Young scores
|
Batting: LHB William Moody
|
0-0: Ball 1-0: Foul Ball, location: 2F 1-1: Ball 2-1: Fly out, F7 (Flyball, 78M)
|
Top of the 7th over - 1 run(s), 2 hit(s), 0 error(s), 1 left on base; Oliver Ames HS 4 - H.H. Dow HS 12 |
BOTTOM OF THE 7TH |
H.H. Dow HS Chargers batting - Pitching for Oliver Ames HS Tigers : RHP Herman Watson
|
Batting: RHB Lee Kestle
|
0-0: Ball 1-0: Fly out, F9 (Flyball, 9LS)
|
Batting: SHB Bob Erwin
|
0-0: Ground out 4-3 (Groundball, 4)
|
Batting: RHB Roberto Ramírez
|
0-0: Called Strike 0-1: Called Strike 0-2: Ball 1-2: Ball 2-2: SINGLE (Line Drive, 6M)
|
Batting: LHB Foster Clark
|
0-0: Ball Roberto Ramírez steals 2nd base 1-0: Ball 2-0: Foul Ball, location: 2F 2-1: Swinging Strike 2-2: 2-RUN HOME RUN (Flyball, 9D), Distance : 389 ft
|
Pitching: LHP Broderick Elliott
|
|
Batting: RHB John Hughes
|
0-0: Called Strike 0-1: Fly out, F4 (Flyball, 34D)
|
Bottom of the 7th over - 2 run(s), 2 hit(s), 0 error(s), 0 left on base; Oliver Ames HS 4 - H.H. Dow HS 14 |
TOP OF THE 8TH |
Oliver Ames HS Tigers batting - Pitching for H.H. Dow HS Chargers : RHP James Smith
|
Pitching: LHP Clinton Frazier
|
|
Now at SS: Pat Turner
|
|
Now in LF: Roy Lovell
|
|
Batting: RHB Will Hinkle
|
0-0: Ball 1-0: Ball 2-0: Ball 3-0: Called Strike 3-1: Base on Balls
|
Batting: RHB Will Hernández
|
0-0: Ball 1-0: Called Strike 1-1: Ball 2-1: Fly out, F7 (Flyball, 7S)
|
Batting: RHB Marcos Llevanos
|
0-0: Ball 1-0: Foul Ball, location: 2F 1-1: Ball 2-1: Ball 3-1: Base on Balls Will Hinkle to second
|
Batting: LHB Manny Martínez
|
0-0: Ball 1-0: Ball 2-0: Called Strike 2-1: Called Strike 2-2: Ball 3-2: Strikes out looking
|
Batting: RHB Pat Young
|
0-0: SINGLE (Line Drive, 78S) Will Hinkle to third Marcos Llevanos to second
|
Batting: LHB Brandon Napoleon
|
0-0: Ball 1-0: Ball 2-0: Ball 3-0: Called Strike 3-1: Foul Ball, location: 2F 3-2: Foul Ball, location: 2F 3-2: Base on Balls Will Hinkle scores Marcos Llevanos to third Pat Young to second
|
Batting: RHB Kenny Miller
|
0-0: Called Strike 0-1: Swinging Strike 0-2: Strikes out swinging
|
Top of the 8th over - 1 run(s), 1 hit(s), 0 error(s), 3 left on base; Oliver Ames HS 5 - H.H. Dow HS 14 |
BOTTOM OF THE 8TH |
H.H. Dow HS Chargers batting - Pitching for Oliver Ames HS Tigers : LHP Broderick Elliott
|
Batting: LHB Bob Coztana
|
0-0: Ground out 5-3 (Groundball, 56S)
|
Batting: RHB Mario Ramírez
|
0-0: Ball 1-0: Fly out, F7 (Flyball, 78S)
|
Batting: LHB Walt George
|
0-0: Ball 1-0: Ball 2-0: Ground out 4-3 (Groundball, 4)
|
Bottom of the 8th over - 0 run(s), 0 hit(s), 0 error(s), 0 left on base; Oliver Ames HS 5 - H.H. Dow HS 14 |
TOP OF THE 9TH |
Oliver Ames HS Tigers batting - Pitching for H.H. Dow HS Chargers : LHP Clinton Frazier
|
Batting: LHB Kevin Carter
|
0-0: Called Strike 0-1: Foul Ball, location: 2F 0-2: Strikes out swinging
|
Batting: LHB William Moody
|
0-0: Ball 1-0: Called Strike 1-1: Ball 2-1: Foul Ball, location: 2F 2-2: Foul Ball, location: 2F 2-2: Ball 3-2: Foul Ball, location: 2F 3-2: Fly out, F7 (Flyball, 7LMF)
|
Batting: RHB Will Hinkle
|
0-0: Ball 1-0: Called Strike 1-1: Foul Ball, location: 2F 1-2: Ball 2-2: SINGLE (Groundball, 4MD)
|
Batting: RHB Will Hernández
|
0-0: Ball 1-0: Foul Ball, location: 2F 1-1: Ball 2-1: Ball 3-1: Foul Ball, location: 2F 3-2: SINGLE (Groundball, 34D) Will Hinkle to second Will Hinkle to third
|
Batting: RHB Marcos Llevanos
|
0-0: Ball 1-0: Ball 2-0: Fielders Choice at 2nd, 4-6 (Groundball, 4)
|
Top of the 9th over - 0 run(s), 2 hit(s), 0 error(s), 1 left on base; Oliver Ames HS 5 - H.H. Dow HS 14 |
|